 Dungeon Crawl Stone Soup version 0.27-a0-1184-ge86db4a01e (webtiles) character file.

Game seed: 6468164952594285670

2016 corgi the Fighter (level 9, 0/74 HPs)
             Began as a Minotaur Gladiator on May 15, 2021.
             Was a Plaything of Xom.
             Slain by a two-headed ogre
             ... wielding a +4 giant club of chaos
              (23 damage)
             ... on level 8 of the Dungeon on May 19, 2021.
             The game lasted 00:16:13 (7760 turns).

corgi the Fighter (Minotaur Gladiator)              Turns: 7760, Time: 00:16:14

Health: 0/74       AC:  7    Str: 19    XL:     9   Next: 3%
Magic:  8/8        EV: 10    Int:  5    God:    Xom [*.....]
Gold:   533        SH:  5    Dex: 17    Spells: 8/8 levels left

rFire    . . .     SeeInvis .   a - +1 quarterstaff
rCold    . . .     Faith    .   (shield currently unavailable)
rNeg     . . .     Spirit   .   n - +0 chain mail
rPois    .         Reflect  +   (helmet unavailable)
rElec    .         Harm     .   (no cloak)
rCorr    .         Rampage  .   p - +0 pair of gloves
Will     .....                  (no boots)
Stlth    ..........             k - amulet of reflection
HPRegen  0.22/turn              (no ring)
MPRegen  0.11/turn              (no ring)

@: mighty, marked, unable to read
A: horns 3, retaliatory headbutt, agile 1, deformed body, frail 1, mutation
resistance 1, inability to read while threatened
a: Renounce Religion


You were on level 8 of the Dungeon.
You worshipped Xom.
You were a special plaything of Xom.
You visited 2 branches of the dungeon, and saw 9 of its levels.

You collected 533 gold pieces.

Inventory:

Hand Weapons
 a - a +1 quarterstaff (weapon)
 f - a +0 hunting sling
Missiles
 d - 5 throwing nets (quivered)
 i - 22 poisoned darts
Armour
 b - a +0 leather armour
 c - a +0 hat
 n - a +0 chain mail (worn)
 p - a +0 pair of gloves (worn)
Jewellery
 k - an amulet of reflection (around neck)
Wands
 s - a wand of charming (11)
Scrolls
 g - 6 scrolls of identify
 h - a scroll of enchant armour {unknown}
 j - 2 scrolls of teleportation
 o - a scroll of fog
 q - 2 scrolls of fear {unknown}
 r - 2 scrolls of enchant weapon
 t - 2 scrolls of magic mapping {unknown}
Potions
 e - 4 potions of brilliance
 m - 2 potions of heal wounds
 u - a potion of haste {unknown}


   Skills:
 * Level 9.3 Fighting
 + Level 7.3 Staves
 - Level 2.0 Throwing
 + Level 6.1 Armour
 + Level 6.6 Dodging


You had 8 spell levels left.
You didn't know any spells.
Your spell library contained the following spells:

 Spells                   Type           Power      Damage    Failure   Level
 Animate Skeleton         Necr           0%         N/A       99%         1
 Freeze                   Ice            0%         1d3       99%         1
 Pain                     Necr           0%         1d4       99%         1
 Confusing Touch          Hex            0%         N/A       100%        3
 Frozen Ramparts          Ice            0%         1d2       100%        3
 Gell's Gravitas          Tloc           0%         N/A       100%        3
 Ozocubu's Armour         Ice            0%         N/A       100%        3
 Vampiric Draining        Necr           0%         2d6       100%        3
 Animate Dead             Necr           0%         N/A       100%        4
 Hailstorm                Conj/Ice       0%         3d3       100%        4
 Petrify                  Tmut/Erth      0%         N/A       100%        4
 Agony                    Necr           0%         N/A       100%        5
 Metabolic Englaciation   Hex/Ice        0%         N/A       100%        5
 Yara's Violent Unravell  Hex/Tmut       0%         3d3       100%        5


Dungeon Overview and Level Annotations

Branches:
Dungeon (8/15)             Temple (1/1) D:5
   Lair: D:8-11

Altars:
Ashenzari
Cheibriados
Elyvilon
Fedhas
Gozag
Hepliaklqana
Kikubaaqudgha
Makhleb
Nemelex Xobeh
Ru
Sif Muna
Uskayaw
Vehumet
Wu Jian
Xom
Yredelemnul
Zin

Shops:
D:5 *

Annotations:
D:8 Maggie


Innate Abilities, Weirdness & Mutations

You have a pair of large horns on your head.
You reflexively headbutt those who attack you in melee.
You are agile. (Dex +2)
Armour fits poorly on your strangely shaped body.
You are frail. (-10% HP)
You are somewhat resistant to further mutation.
You sometimes lose the ability to read scrolls when taking damage.


Message History

You hear a howl! x2; You hear a horrible gurgling sound!
t - 2 scrolls labelled ASTOKI ZUGHUDA (gained 1)
You hear a horrible gurgling sound!
You feel less stealthy.
u - a blue potion Maggie the Vainglorious comes into view.
She is wielding a +2 war axe of distortion.
A two-headed ogre comes into view. It is wielding two +0 giant clubs.
You hit Maggie. You headbutt Maggie.
Maggie is lightly wounded.
Xom's power touches on a nearby weapon.
The two-headed ogre's +0 giant club erupts in a glittering mayhem of colour.
Maggie hits you with a +2 war axe of distortion!
Space bends around you.
You hit Maggie. You headbutt Maggie.
Maggie is lightly wounded.
Maggie hits you with a +2 war axe of distortion.
You blink.
You feel very mighty all of a sudden.
Okay, then.
No target in view!
Unknown command.
You start putting on your amulet.
You continue putting on your amulet of reflection. x4
Maggie hits you with a +2 war axe of distortion.
Space bends around you.
You feel threatened and lose the ability to read scrolls!
You continue putting on your amulet of reflection.
Maggie misses you.
You finish putting on your amulet of reflection.
You feel a shielding aura gather around you.
k - an amulet of reflection (around neck)
The two-headed ogre hits you with a +4 giant club of chaos!!
The two-headed ogre hits you with a +0 giant club.
Maggie points at you and mumbles some strange words.
The bolt of fire misses you.
You sock the two-headed ogre! You headbutt the two-headed ogre.
The two-headed ogre is lightly wounded.
The two-headed ogre hits you with a +4 giant club of chaos!!
You die...
Xom guffaws!

.........####..####..##
........#####..####.##
#.......###.........##
#.......<.......####.#
.............#.## #.#
.......#..####.## #.#
##........# #..## #.#
#.......## #...#####
#.)..##.# ##@#.##.#
#.#.. ##.###O###...#
..#.. #....@####..#
#.##.##..###.###
#.###..#....#
##.###.....##
#.##......#..#
#.O..@.....#
#............#


You could see Maggie and a two-headed ogre.

Vanquished Creatures
  Grinder (D:6)
  Sigmund (D:2)
  A water moccasin (D:7)
  An orc warrior (D:7)
  2 ice beasts
  A necrophage (D:6)
  A black bear (D:5)
  An ogre (D:7)
  2 phantoms (D:5)
  A bullfrog (D:7)
  A wyvern zombie (D:4)
  2 scorpions
  A water moccasin skeleton (D:5)
  A bullfrog zombie (D:5)
  3 bullfrog skeletons
  2 jellies
  2 hounds
  Jessica (D:3)
  2 centaur skeletons
  2 iguanas (D:6)
  A hound skeleton (D:5)
  Robin (D:3)
  6 adders
  A shadow imp (D:6)
  A worm (D:2)
  2 dart slugs
  9 orcs
  5 bats
  7 endoplasms
  2 giant cockroaches (D:3)
  12 goblins
  15 hobgoblins
  5 jackals
  13 kobolds
  9 quokkas
  6 ball pythons
  3 frilled lizards
  7 rats
134 creatures vanquished.

Notes
Turn   | Place    | Note
-------+----------+-------------------------------------------
     0 | D:1      | corgi the Minotaur Gladiator began the quest for the Orb.
     0 | D:1      | Reached XP level 1. HP: 18/18 MP: 0/0
   187 | D:1      | Reached XP level 2. HP: 25/25 MP: 1/1
   265 | D:1      | Reached skill level 3 in Fighting
   429 | D:1      | Reached skill level 1 in Armour
  1147 | D:1      | Reached XP level 3. HP: 26/31 MP: 2/2
  2113 | D:2      | Reached XP level 4. HP: 40/40 MP: 3/3
  2195 | D:2      | Noticed Sigmund
  2209 | D:2      | Killed Sigmund
  2210 | D:2      | Reached skill level 5 in Fighting
  2210 | D:2      | Reached XP level 5. HP: 33/48 MP: 4/4
  2545 | D:3      | Noticed Jessica
  2547 | D:3      | Killed Jessica
  2667 | D:3      | Reached XP level 6. HP: 56/56 MP: 5/5
  2804 | D:3      | Noticed Robin
  2810 | D:3      | Killed Robin
  3181 | D:3      | Reached skill level 5 in Staves
  3597 | D:3      | Found a hide-covered altar of Uskayaw.
  4077 | D:4      | Reached skill level 6 in Fighting
  4162 | D:4      | Found a sparkling altar of Nemelex Xobeh.
  4399 | D:4      | Reached XP level 7. HP: 24/63 MP: 6/6
  4672 | D:5      | Entered Level 5 of the Dungeon
  4685 | D:5      | Reached skill level 5 in Dodging
  4876 | D:5      | Found Heonecze's General Store.
  5046 | D:5      | Reached skill level 7 in Fighting
  5155 | D:5      | Reached XP level 8. HP: 62/73 MP: 7/7
  5307 | D:5      | Found a staircase to the Ecumenical Temple.
  5433 | Temple   | Entered the Ecumenical Temple
  5519 | Temple   | Upgraded the game from 0.27-a0-1158-gaa87e14f67 to
                  | 0.27-a0-1184-ge86db4a01e
  5522 | Temple   | Became a worshipper of Xom of Chaos
  5617 | D:6      | Found an ancient bone altar of Kikubaaqudgha.
  5618 | D:6      | Noticed Grinder
  5637 | D:6      | Killed Grinder
  5638 | D:6      | Reached skill level 5 in Armour
  5640 | D:6      | XOM: divination: detect items
  5826 | D:6      | Reached skill level 8 in Fighting
  6042 | D:6      | XOM: potion effect (heal wounds)
  6257 | D:6      | Found a sacrificial altar of Ru.
  6420 | D:6      | Found a white marble altar of Elyvilon.
  6501 | D:6      | Found a basalt altar of Yredelemnul.
  6826 | D:7      | Found a radiant altar of Vehumet.
  6871 | D:7      | XOM is BORED!
  6871 | D:7      | XOM: stat loss: -1 Str (18/19)
  6878 | D:7      | XOM: silly message
  7009 | D:7      | Reached skill level 9 in Fighting
  7084 | D:7      | XOM: give mutations
  7084 | D:7      | Gained mutation: Armour fits poorly on your strangely
                  | shaped body. [Xom's mischief]
  7084 | D:7      | Gained mutation: You are frail. (-10% HP) [Xom's mischief]
  7084 | D:7      | Gained mutation: You are very frail. (-20% HP) [Xom's
                  | mischief]
  7084 | D:7      | Gained mutation: You sometimes lose the ability to read
                  | scrolls when taking damage. [Xom's mischief]
  7296 | D:7      | Reached XP level 9. HP: 41/66 MP: 8/8
  7482 | D:7      | XOM: give mutations
  7482 | D:7      | Gained mutation: You are agile. (Dex +2) [Xom's grace]
  7482 | D:7      | Gained mutation: You are somewhat resistant to further
                  | mutation. [Xom's grace]
  7482 | D:7      | Gained mutation: You have a pair of large horns on your
                  | head. [Xom's grace]
  7482 | D:7      | Lost mutation: You are very frail. (-20% HP) [Xom's grace]
  7684 | D:8      | XOM: stealth player
  7706 | D:8      | XOM: noise
  7747 | D:8      | Noticed Maggie
  7749 | D:8      | Noticed a two-headed ogre
  7750 | D:8      | XOM: chaos upgrade
  7760 | D:8      | Slain by a two-headed ogre

Illustrated notes

Levels and vault maps discovered:
D:1:      dpeg_arrival_chambers_temple_mockup, layout_basic, chequers_avenue,
          minmay_misc_feat_four_crosses, minmay_quantized
D:2:      minmay_chambers_of_ones, layout_loops_ring, minivault_24,
          grunt_decor_mini_mirrors, uniq_sigmund
D:3:      layout_rooms, lemuel_coloured_pillars_altar, serial_co_window_serial,
          co_window_paths_a, co_window_of_opportunity_a, co_window_paths_b,
          co_window_corner_a, co_window_paths_a, co_window_of_opportunity_b,
          co_window_of_opportunity_b, co_window_broadway_a, co_window_corner_cb,
          co_window_corner_cb, co_window_of_opportunity_b, co_window_corner_b,
          glass_columns_a, glass_columns_a, item_on_display_a, uniq_jessica,
          uniq_robin
D:4:      layout_cave_pools, nemelex_diamond_rough_becter, st_stairs_14,
          minmay_misc_feat_tiny
D:5:      layout_cave_pools, minmay_temple_entry_poolview, serial_shops,
          nicolae_shop_waterfront
D:6:      layout_basic, nicolae_ru_sacrificial_ziggurat, kennysheep_ying_yang,
          kiku_gazebo_pond_becter, nrook_pool_corridor, uniq_grinder
D:7:      layout_basic, amcnicky_altar_gilded, lightli_orcish_oven
D:8:      layout_layer_cave, gammafunk_temple_overflow_elements,
          minmay_shattered_shrine, uniq_pikel, uniq_maggie, uniq_psyche
Temple:   zaba_magenta_temple

Skill      XL: |  1  2  3  4  5  6  7  8 |
---------------+-------------------------+-----
Fighting       | 3 5 6 7 9 |  9.3
Armour         | 1 2 3 4 6 |  6.1
Staves         | 4 5 6 7 |  7.3
Dodging        | 4 5 6 |  6.6
Throwing       | |  2.0

Action                   |  1- 3 |  4- 6 |  7- 9 || total
-------------------------+-------+-------+-------++-------
Melee: Quarterstaff      |   100 |   118 |   136 ||   354
       Headbutt          |    13 |    17 |    35 ||    65
  Use: Scroll            |       |     4 |     4 ||     8
       Potion            |       |     4 |     4 ||     8
 Stab: Sleeping          |     1 |       |       ||     1
       Distracted        |     1 |       |       ||     1
Armor: Leather armour    |    21 |       |       ||    21
       Chain mail        |    11 |    70 |    61 ||   142
Dodge: Dodged            |    59 |    45 |    57 ||   161

Table legend: (Time is in decaauts)
 A = Elapsed time spent in this place.
 B = Non-inter-level travel time spent in this place.
 C = Inter-level travel time spent in this place.
 D = Time resting spent in this place.
 E = Time spent auto-exploring this place.
 F = Levels seen in this place.
 G = Mean time per level.
                   A        B        C        D        E       F      G
               +--------+--------+--------+--------+--------+-----+--------+
         Total |   7780 |   7437 |    343 |   2110 |   4307 |   9 |  864.4 |
       Dungeon |   7674 |   7349 |    325 |   2110 |   4253 |   8 |  959.2 |
        Temple |    106 |     89 |     17 |      0 |     54 |   1 |  106.0 |
               +--------+--------+--------+--------+--------+-----+--------+

Top non-repeatable levels by time:
     D:3: 1468 daAuts
     D:1: 1462 daAuts
     D:6: 1099 daAuts
     D:2: 1074 daAuts
     D:7: 1009 daAuts
     D:5: 800 daAuts
     D:4: 683 daAuts
  Temple: 106 daAuts
     D:8: 75 daAuts
